 Dungeon Crawl Stone Soup version 0.25-a0-589-g1e14c549ee (webtiles) character file.

Game seed: 5562168348444656223, levelgen mode: deterministic

35 Esekla the Charlatan (level 3, -1/17 HPs)
             Began as a Spriggan Artificer on Mar 12, 2020.
             Killed from afar by a dart slug (3 damage)
             ... with a slug dart
             ... on level 1 of the Dungeon.
             The game lasted 00:07:35 (2307 turns).

Esekla the Charlatan (Spriggan Artificer)           Turns: 2307, Time: 00:07:36

Health: -1/17      AC:  2    Str:  8    XL:     3   Next: 16%
Magic:  7/7        EV: 18    Int: 13    God:
Gold:   23         SH:  0    Dex: 16    Spells: 4/4 levels left

rFire    . . .     SeeInvis +   a - +0 short sword
rCold    . . .     Gourm    .   (shield restricted)
rNeg     . . .     Faith    .   b - +0 robe
rPois    .         Spirit   .   (helmet restricted)
rElec    .         Reflect  .   (no cloak)
rCorr    .         Harm     .   (gloves unavailable)
MR       .....                  (boots unavailable)
Stlth    ++........             (no amulet)
HPRegen  0.05/turn              (no ring)
MPRegen  0.10/turn              (no ring)

@: very quick
A: very small, unfitting armour, see invisible, herbivore, speed 3, slow
metabolism 2
a: no special abilities


You were on level 1 of the Dungeon.
You were not hungry.

You visited 1 branch of the dungeon, and saw 2 of its levels.

You collected 23 gold pieces.

Inventory:

Hand Weapons
 a - a +0 short sword (weapon)
Armour
 b - a +0 robe (worn)
Wands
 c - a wand of flame (15)
 d - a wand of enslavement (15)
 e - a wand of random effects (15)
Scrolls
 g - 3 scrolls of identify {unknown}
 h - 2 scrolls of random uselessness {unknown}
Potions
 i - a potion of heal wounds {unknown}
 j - a potion of ambrosia {unknown}
Comestibles
 f - 4 rations


   Skills:
 - Level 0.7 Fighting
 * Level 2.9 Short Blades
 + Level 3.3 Dodging
 + Level 1.7 Stealth
 * Level 1.2 Spellcasting
 - Level 4.0 Evocations


You had 4 spell levels left.
You didn't know any spells.
Your spell library was empty.

Dungeon Overview and Level Annotations

Branches:
Dungeon (2/15)

Altars:


Innate Abilities, Weirdness & Mutations

You are very small and have problems with some larger weapons.
You are too small for most types of armour.
You have supernaturally acute eyesight. (SInv)
You are a herbivore.
You cover ground extremely quickly.
You need to consume almost no food.


Message History

You start resting.
The adder is too close now for your liking.
You climb upwards.
There is a stone staircase leading down here.
You start resting.
The hobgoblin is too close now for your liking.
You barely miss the hobgoblin. The hobgoblin barely misses you.
You closely miss the hobgoblin. The hobgoblin hits you with a +0 club.
You barely miss the hobgoblin. The hobgoblin misses you.
You hit the hobgoblin but do no damage. The hobgoblin barely misses you.
You closely miss the hobgoblin. The hobgoblin hits you with a +0 club.
* * * LOW HITPOINT WARNING * * *
A dart slug comes into view.
A bat comes into view.
The helpless dart slug fails to defend itself.
You puncture the dart slug!
The dart slug is almost dead.
The dart slug launches a dart at you. The slug dart hits you.
You die...

#.....#..##..# #...#.##
#######......######
#...#.##
#............b..
#.....##
#...#.##........ #######
#.#.#.##........
#.#.#...........
#...g...........
#.#.#...w.......
#.#.#.##@.......
#...............
###.############ ###
#################
#≈≈...................
#≈≈≈≈≈≈≈≈............(
##.≈≈≈≈≈≈≈≈≈≈≈≈≈≈≈....(
##......≈≈≈≈≈≈≈≈≈≈≈≈≈≈≈≈


You could see a dart slug, a hobgoblin and a bat (sleeping).

Vanquished Creatures
  A dart slug (D:1)
  2 leopard geckos (D:1)
  A ball python (D:2)
  7 goblins
  3 hobgoblins
  4 jackals (D:1)
  2 kobolds (D:1)
  4 bats
  2 rats
26 creatures vanquished.

Notes
Turn   | Place    | Note
-------+----------+-------------------------------------------
     0 | D:1      | Esekla the Spriggan Artificer began the quest for the Orb.
     0 | D:1      | Reached XP level 1. HP: 9/9 MP: 4/4
   264 | D:1      | Reached XP level 2. HP: 3/14 MP: 6/6
   745 | D:1      | You fall into a shaft and drop 1 floor!
  1730 | D:2      | Reached skill level 1 in Spellcasting
  2031 | D:1      | Reached XP level 3. HP: 17/17 MP: 7/7
  2307 | D:1      | Killed from afar by a dart slug

Levels and vault maps discovered:
D:1:      dpeg_arrival_chase, layout_basic, chequers_serial_rivers_small_a
D:2:      layout_basic, first_ration, uniq_sigmund

Skill      XL: |  1  2 |
---------------+-------+-----
Short Blades   | 2 |  2.9
Spellcasting   | 1 |  1.2
Fighting       | |  0.7
Dodging        | |  3.3
Stealth        | |  1.7
Evocations     | |  4.0

Action                   || total
-------------------------++-------
Melee: Short sword       ||   126
 Stab: Sleeping          ||     3
Armor: Robe              ||    15
Dodge: Dodged            ||    88

Table legend:
 A = Non-vault XP
 B = Vault XP
 C = Vault XP percentage of total XP
 D = Non-vault monster count
 E = Vault monster count
 F = Vault count percentage of total count
                 A         B        C        D         E       F
            +---------+---------+-------+---------+---------+-------
      Total |      50 |       0 |   0.0 |      26 |       0 |   0.0
            +---------+---------+-------+---------+---------+-------
        D:1 |      40 |       0 |   0.0 |      20 |       0 |   0.0
        D:2 |      10 |       0 |   0.0 |       6 |       0 |   0.0
            +---------+---------+-------+---------+---------+-------
